 Dungeon Crawl Stone Soup version 0.23-b1-49-g13d5857 (webtiles) character file.

Game seed: 11355030137956599989

3238 poirepourri the Cleaver (level 9, -4/83 HPs)
             Began as a Minotaur Fighter on Feb 3, 2019.
             Was a Believer of Okawaru.
             Killed from afar by an electric eel (10 damage)
             ... with a bolt of electricity
             ... on level 7 of the Dungeon.
             The game lasted 00:06:12 (5306 turns).

poirepourri the Cleaver (Minotaur Fighter)          Turns: 5306, Time: 00:06:13

Health: -4/83      AC:  9    Str: 21    XL:     9   Next: 66%
Magic:  8/8        EV:  8    Int:  5    God:    Okawaru [**....]
Gold:   349        SH: 12    Dex: 13    Spells: 8/8 levels left

rFire    . . .     SeeInvis .   a - +1 war axe
rCold    . . .     Gourm    .   c - +1 shield
rNeg     . . .     Faith    .   b - +0 scale mail
rPois    .         Spirit   .   (helmet restricted)
rElec    .         Reflect  .   (no cloak)
rCorr    .         Harm     .   w - +0 pair of gloves
MR       +....                  l - +0 pair of boots
Stlth    ..........             (no amulet)
HPRegen  0.23/turn              r - ring of protection from magic
MPRegen  0.11/turn              (no ring)

@: no status effects
A: retaliatory headbutt, horns 2
a: Heroism, Renounce Religion


You were on level 7 of the Dungeon.
You worshipped Okawaru.
Okawaru was pleased with you.
You were not hungry.

You visited 2 branches of the dungeon, and saw 8 of its levels.

You collected 349 gold pieces.

Inventory:

Hand Weapons
 a - a +1 war axe (weapon)
Missiles
 n - 84 bolts
Armour
 b - a +0 scale mail (worn)
 c - a +1 shield (worn)
 l - a +0 pair of boots (worn)
 w - a +0 pair of gloves (worn)
Jewellery
 r - a ring of protection from magic (left hand)
 v - an uncursed ring of fire
Wands
 j - a wand of disintegration (14)
Scrolls
 d - a scroll of fog
 q - 2 scrolls of remove curse
 s - a scroll of fear
 t - 3 scrolls of teleportation
Potions
 e - a potion of resistance
 g - 3 potions of brilliance
 h - 2 potions of heal wounds
 i - 4 potions of lignification
 k - 4 potions of curing
 m - 2 potions of agility
 o - a potion of haste
 u - a potion of might
 x - a potion of degeneration {unknown}
Comestibles
 f - 16 rations


   Skills:
 - Level 9.0 Fighting
 - Level 12.2 Axes
 - Level 3.6 Armour
 + Level 7.9 Shields


You had 8 spell levels left.
You didn't know any spells.
Your spell library was empty.

Dungeon Overview and Level Annotations

Branches:
Dungeon (7/15)             Temple (1/1) D:6

Altars:
Ashenzari
Cheibriados
Dithmenos
Elyvilon
Fedhas
Gozag
Hepliaklqana
Kikubaaqudgha
Makhleb
Nemelex Xobeh
Okawaru
Qazlal
Ru
Sif Muna
Trog
Uskayaw
Vehumet
Wu Jian
Xom
Yredelemnul
Zin
The Shining One

Shops:
D:5 }   D:6 }?=

Annotations:
D:5 1 runed translucent door, w0lly's ghost, novice SpAs
D:6 3 runed translucent doors, bananaglory's ghost, novice HOAK; lapinsky's ghost, novice HOAK


Innate Abilities, Weirdness & Mutations

You reflexively headbutt those who attack you in melee.
You have a pair of horns on your head.


Message History

The electric eel shoots out a bolt of lightning at you!
The bolt of electricity hits you. The bolt of electricity hits you!
The bolt of electricity hits the electric eel.
The electric eel completely resists.
The bolt of electricity hits the plant.
You closely miss the electric eel. Your headbutt misses the electric eel.
The electric eel is moderately wounded.
You hit the plant but do no damage. You hit the plant. x2
You destroy the plant!
The electric eel shoots out a bolt of lightning at you!
The bolt of electricity hits you.
* * * LOW HITPOINT WARNING * * *
The bolt of electricity hits you!
* * * LOW HITPOINT WARNING * * *
The bolt of electricity hits the electric eel.
The electric eel completely resists.
The bolt of electricity hits the plant!
The electric eel shoots out a bolt of lightning at you!
The bolt of electricity hits you!
* * * LOW HITPOINT WARNING * * *
The bolt of electricity hits you!
You die...

#....P≈P≈PP....##'######.###.#
#....PP≈≈≈PP...##.###....######
#...≈P≈≈♣≈≈≈...#..............#
#....P♣♣♣≈≈P≈###......#######.#
#..≈≈≈≈≈♣≈≈≈.###..........# #.#
###≈≈≈♣♣P♣♣≈PP##..........# #.#
PP≈♣≈PPPP♣PP#######.##### #.#
♣PP.PP≈♣.≈# #.# #.# ≈P
#P≈;≈@######.#######.#
#PP≈≈≈.#.............#
#.≈≈♣P≈#.#############
#.PP≈P≈≈.# #.P.≈PP..#
#..P.≈≈..# ....#PP...#
###.......# #########


You could see an electric eel.

Vanquished Creatures
  A wyvern (D:7)
  A hungry ghost (D:7)
  A yak (D:7)
  Duvessa (D:4)
  2 ice beasts
  2 phantoms
  Purgy (D:3)
  4 ogres
  Blork the orc (D:6)
  4 bullfrogs
  2 wyvern skeletons
  Dowan (D:4)
  2 scorpions
  8 wights (D:7)
  A centaur zombie (D:5)
  2 crimson imps (D:5)
  3 quasits
  2 hounds (D:5)
  3 orc priests
  An iron imp (D:6)
  Natasha (thrice) (D:3)
  Terence (D:2)
  2 iguanas (D:5)
  3 orc wizards
  6 worker ants
  A hound skeleton (D:5)
  A howler monkey zombie (D:7)
  Robin (D:2)
  12 adders
  3 shadow imps
  A white imp (D:5)
  4 oozes
  An adder skeleton (D:5)
  4 worms
  3 dart slugs
  2 leopard geckos
  8 orcs
  5 giant cockroaches
  18 goblins
  5 hobgoblins
  9 jackals
  2 quokkas
  3 ball pythons
  5 bats
  6 frilled lizards
  A goblin skeleton (D:6)
  2 goblin zombies (D:6)
  4 hobgoblin zombies (D:6)
  12 kobolds
  A kobold skeleton (D:6)
  2 orc skeletons (D:6)
  2 orc zombies (D:6)
  2 rats
  A plant (D:7)
179 creatures vanquished.

Vanquished Creatures (others)
  5 withered plants
5 creatures vanquished.

Grand Total: 184 creatures vanquished

Notes
Turn   | Place    | Note
-------+----------+-------------------------------------------
     0 | D:1      | poirepourri the Minotaur Fighter began the quest for the
                  | Orb.
     0 | D:1      | Reached XP level 1. HP: 19/19 MP: 0/0
     0 | D:1      | Noticed a vampire
     0 | D:1      | Noticed an ogre
     2 | D:1      | Noticed a spriggan
     4 | D:1      | Noticed a spriggan
     6 | D:1      | Noticed a felid
     8 | D:1      | Noticed a felid
    10 | D:1      | Noticed a ghoul
    10 | D:1      | Noticed a draconian
    12 | D:1      | Noticed an octopode
    12 | D:1      | Noticed an elf
    14 | D:1      | Noticed a draconian
    14 | D:1      | Noticed an octopode
    16 | D:1      | Noticed a dwarf
    16 | D:1      | Noticed a spriggan
    18 | D:1      | Noticed an elf
    20 | D:1      | Noticed a troll
    38 | D:1      | Reached skill level 3 in Axes
    38 | D:1      | Reached XP level 2. HP: 15/26 MP: 1/1
   252 | D:1      | Reached skill level 4 in Axes
   347 | D:1      | Reached XP level 3. HP: 29/31 MP: 2/2
   671 | D:2      | Noticed Robin
   687 | D:2      | Reached skill level 5 in Axes
   692 | D:2      | Killed Robin
   692 | D:2      | Reached XP level 4. HP: 35/39 MP: 3/3
   755 | D:2      | Found a blossoming altar of Fedhas.
   780 | D:2      | Noticed Terence
   790 | D:2      | Killed Terence
   790 | D:2      | Reached skill level 6 in Axes
  1007 | D:2      | Reached XP level 5. HP: 45/45 MP: 4/4
  1280 | D:3      | Noticed Purgy
  1286 | D:3      | Killed Purgy
  1286 | D:3      | Reached skill level 7 in Axes
  1360 | D:3      | Reached XP level 6. HP: 45/51 MP: 5/5
  1393 | D:3      | Noticed Natasha
  1399 | D:3      | Killed Natasha
  1433 | D:3      | Noticed Natasha
  1436 | D:3      | Killed Natasha
  1436 | D:3      | Reached skill level 8 in Axes
  1479 | D:3      | Noticed Natasha
  1484 | D:3      | Killed Natasha
  1751 | D:4      | Noticed Dowan
  1753 | D:4      | Noticed Duvessa
  1769 | D:4      | Killed Dowan
  1772 | D:4      | Killed Duvessa
  1772 | D:4      | Reached skill level 9 in Axes
  1772 | D:4      | Reached XP level 7. HP: 44/57 MP: 6/6
  1859 | D:4      | Found a shattered altar of Ashenzari.
  1885 | D:4      | Found a hide-covered altar of Uskayaw.
  1886 | D:4      | Found a bloodstained altar of Trog.
  2007 | D:4      | Reached skill level 10 in Axes
  2354 | D:5      | Entered Level 5 of the Dungeon
  2414 | D:5      | Reached skill level 11 in Axes
  2462 | D:5      | Reached XP level 8. HP: 32/64 MP: 7/7
  2578 | D:5      | Found Leqaulif's Gadget Shop.
  2602 | D:5      | Found a runed translucent door.
  2672 | D:5      | Noticed w0lly's ghost (novice SpAs)
  2700 | D:5      | Reached skill level 12 in Axes
  3040 | D:5      | Reached skill level 5 in Fighting
  3164 | D:6      | Found a runed translucent gate.
  3164 | D:6      | Found a runed translucent gate.
  3164 | D:6      | Found a runed translucent gate.
  3165 | D:6      | Noticed bananaglory's ghost (novice HOAK)
  3180 | D:6      | Found a staircase to the Ecumenical Temple.
  3216 | D:6      | Found Soph's Jewellery Boutique.
  3222 | D:6      | Noticed Blork the orc
  3231 | D:6      | Killed Blork the orc
  3258 | Temple   | Entered the Ecumenical Temple
  3350 | Temple   | Became a worshipper of Warmaster Okawaru
  3368 | D:6      | Noticed lapinsky's ghost (novice HOAK)
  3394 | D:6      | Found Luxilud's Gadget Emporium.
  3463 | D:6      | Found a glowing golden altar of the Shining One.
  3637 | D:6      | Found Ecrevech's Magic Scroll Boutique.
  4100 | D:7      | Reached XP level 9. HP: 71/80 MP: 8/8
  4162 | D:7      | Reached * piety under Okawaru
  4347 | D:7      | Reached skill level 5 in Shields
  4354 | D:7      | Got a fine chain mail
  4365 | D:7      | Identified the cursed +1 chain mail "Ysonn" {MP+9 Int+2
                  | Dex-2 Stlth+} (You found it on level 7 of the Dungeon)
  4674 | D:7      | Reached ** piety under Okawaru
  5306 | D:7      | Killed from afar by an electric eel

Skill      XL: |  1  2  3  4  5  6  7  8  9 |
---------------+----------------------------+-----
Axes           | 3 4 5 6 7 9 11 12 | 12.2
Fighting       | 7 9 |  9.0
Shields        | 7 |  7.9
Armour         | |  3.6

Action                   |  1- 3 |  4- 6 |  7- 9 || total
-------------------------+-------+-------+-------++-------
Melee: War axe           |    99 |   131 |   276 ||   506
       Headbutt          |     4 |    14 |    55 ||    73
Evoke: Wand              |       |       |     1 ||     1
  Use: Scroll            |     5 |     9 |     8 ||    22
       Potion            |       |     1 |     2 ||     3
  Eat: Ration            |       |     1 |     4 ||     5
       Chunk             |       |       |     2 ||     2
Armor: Scale mail        |    65 |    41 |    69 ||   175
Dodge: Dodged            |    26 |    41 |    55 ||   122
Block: Shield            |    58 |    65 |   125 ||   248
